 Dungeon Crawl Stone Soup version 0.21.0-37-g46506fa (webtiles) character file.

214 pokedragonboy the Skirmisher (level 5, -1/34 HPs)
             Began as a Gargoyle Fighter on Feb 2, 2018.
             Slain by Renzlar's ghost (13 damage)
             ... on level 3 of the Dungeon.
             The game lasted 00:04:00 (2507 turns).

pokedragonboy the Skirmisher (Gargoyle Fighter)     Turns: 2507, Time: 00:04:01

Health: -1/34      AC: 12    Str: 20    XL:     5   Next: 92%
Magic:  5/5        EV:  7    Int:  9    God:
Gold:   123        SH:  9    Dex:  9    Spells: 4/4 levels left

rFire    . . .     SeeInvis .   a - +0 war axe
rCold    . . .     Gourm    .   c - +0 shield
rNeg     + . .     Faith    .   b - +0 scale mail
rPois    ∞         Spirit   .   (no helmet)
rElec    +         Reflect  .   q - +0 cloak
rCorr    .         Harm     .   (no gloves)
MR       .....                  (no boots)
Stlth    ..........             (no amulet)
HPRegen  0.11/turn              (no ring)
MPRegen  0.09/turn              (no ring)

@: no status effects
A: negative energy resistance 1, electricity resistance, unbreathing,
petrification resistance, rot immunity, AC +4
a: no special abilities


You were on level 3 of the Dungeon.
You were hungry.

You visited 1 branch of the dungeon, and saw 3 of its levels.

You collected 123 gold pieces.

Inventory:

Hand Weapons
 a - a +0 war axe (weapon)
Armour
 b - a +0 scale mail (worn)
 c - a +0 shield (worn)
 q - a +0 cloak (worn)
Wands
 r - a wand of iceblast (5)
 u - a wand of scattershot (7)
Scrolls
 d - a scroll of amnesia {unknown}
 e - 3 scrolls of fog
 i - a scroll of magic mapping {unknown}
 j - a scroll of fear {unknown}
 l - a scroll of teleportation
 p - a scroll of identify {unknown}
 t - a scroll of enchant armour {unknown}
Potions
 h - 2 potions of haste {unknown}
 k - 2 potions of flight {unknown}
 m - a potion of resistance {unknown}
 o - a potion of agility {unknown}
 s - a potion of cancellation {unknown}
Comestibles
 f - 10 rations
 n - 3 chunks of flesh


   Skills:
 + Level 4.5 Fighting
 * Level 4.0 Axes
 + Level 4.4 Armour
 - Level 3.2 Shields


You had 4 spell levels left.
You didn't know any spells.

Dungeon Overview and Level Annotations

Branches:
Dungeon (3/15)

Altars:

Annotations:
D:3 Renzlar's ghost, amateur GnFi


Innate Abilities, Weirdness & Mutations

You are resistant to torment.
Your stone body is resilient. (AC +4)
You are immune to poison.
You resist negative energy. (rN+)
You are resistant to electric shocks. (rElec)
You can survive without breathing.
You are immune to petrification.
You are immune to rotting.


Message History

Aim: Renzlar's ghost (moderately damaged)
Okay, then.
You slash Renzlar's ghost!
Renzlar's ghost is heavily damaged.
You hit the frilled lizard.
You kill the frilled lizard!
Renzlar's ghost hits you!
Things that are here:
a blowgun; 14 poisoned needles Evoke which item? (* to show all) (? for menu, Esc to quit)
Aiming: Iceblast
Press: ? - help, Shift-Dir - straight line
Okay, then.
Evoke which item? (* to show all) (? for menu, Esc to quit)
Aiming: Iceblast
Press: ? - help, Shift-Dir - straight line The mass of ice explodes!
The iceblast engulfs Renzlar's ghost.
Renzlar's ghost is severely damaged.
Renzlar's ghost hits you!
You die...

......##....#.#..#
......##..#.#....# .#.
....<.##..#.###.... ...
......#...#÷# ####....#
......#.#.#.# ...#
......#...#.# ####...#
......#.>##.####......##
.[.....)....)..W........
....###.###.####@##...#
###..............# .
.....#..........
.......#.......(##
......##........# ......
#........# ......
##########


You could see Renzlar's ghost.

Vanquished Creatures
  A phantom (D:2)
  3 gnolls (D:2)
  2 adders (D:2)
  2 dart slugs
  3 leopard geckos
  4 orcs (D:2)
  3 giant cockroaches
  6 goblins
  7 hobgoblins
  6 jackals
  A ball python (D:3)
  11 bats
  4 frilled lizards
  11 kobolds
  7 rats
71 creatures vanquished.

Notes
Turn   | Place    | Note
-------+----------+-------------------------------------------
     0 | D:1      | pokedragonboy the Gargoyle Fighter began the quest for the Orb.
     0 | D:1      | Reached XP level 1. HP: 14/14 MP: 1/1
    85 | D:1      | Reached XP level 2. HP: 16/19 MP: 2/2
   715 | D:1      | Reached XP level 3. HP: 23/23 MP: 3/3
   842 | D:2      | Noticed a phantom
   883 | D:2      | Killed a phantom
   883 | D:2      | Reached XP level 4. HP: 8/29 MP: 4/4
   883 | D:2      | Reached XP level 5. HP: 9/33 MP: 5/5
  2479 | D:3      | Noticed Renzlar's ghost (amateur GnFi)
  2507 | D:3      | Slain by Renzlar's ghost

Skill      XL: |  1  2  3  4  5 |
---------------+----------------+-----
Axes           | 2 3 4 |  4.0
Fighting       | 4 |  4.5
Armour         | 4 |  4.4
Shields        | |  3.2

Action                   |  1- 3 |  4- 6 || total
-------------------------+-------+-------++-------
Melee: War axe           |   103 |   129 ||   232
Evoke: Wand              |       |     1 ||     1
  Use: Potion            |     1 |     3 ||     4
       Scroll            |       |     2 ||     2
  Eat: Chunk             |       |     5 ||     5
Armor: Scale mail        |    74 |    61 ||   135
Dodge: Dodged            |    31 |    40 ||    71
Block: Shield            |    53 |    69 ||   122
